[Event "Elite Hotels Open 2023"]
[Site "Elite Stadshotellet, Kungsgatan 6, Vaxjo, Sweden"]
[Date "2023.02.10"]
[Round "2.6"]
[White "Dingertz, Erik"]
[Black "Kucuksari, Kaan"]
[Result "0-1"]
[TimeControl "15 minutes + 5 seconds per move from move one (Round 1 - 4) / 90 minutes + 30 seconds per move from move one (Round 5 - 8)"]
[BlackTitle "IM"]
[WhiteFideId "1741578"]
[BlackFideId "6380166"]
[WhiteElo "2017"]
[BlackElo "2507"]

1. c4 c5 2. g3 Nc6 3. Bg2 g6 4. Nc3 Bg7 5. a3 a5 6. e3 e5 7. Nge2 Nge7 8. O-O O-O 9. b3 f5 10. Bb2 d6 11. Nb5 Be6 12. d4 cxd4 13. exd4 e4 14. Qd2 Bf7 15.
f3 exf3 16. Bxf3 a4 17. d5 Ne5 18. Ned4 axb3 19. Qb4 Nd3 20. Qxb3 Nxb2 21. Qxb2 f4 22. Bg4 fxg3 23. hxg3 Nf5 24. Bxf5 gxf5 25. Rxf5 Bg6 26. Rxf8+ Qxf8 27. Rf1 Qe7 28. Qd2 Rc8 29.
Re1 Qd7 30. Re6 Rxc4 31. Rxd6 Rxd4 32. Qg5 Qxb5 33. Rd8+ Be8 34. Qe7 Rd1+ 35. Kf2 Qf1+ 36. Ke3 Re1+ 0-1

[Event "Elite Hotels Open 2023"]
[Site "Elite Stadshotellet, Kungsgatan 6, Vaxjo, Sweden"]
[Date "2023.02.10"]
[Round "2.7"]
[White "Hector, Jonny"]
[Black "Karlsson, Jorgen"]
[Result "1-0"]
[TimeControl "15 minutes + 5 seconds per move from move one (Round 1 - 4) / 90 minutes + 30 seconds per move from move one (Round 5 - 8)"]
[WhiteTitle "GM"]
[WhiteFideId "1700090"]
[BlackFideId "1711679"]
[WhiteElo "2466"]
[BlackElo "1987"]

1. e4 g6 2. d4 Bg7 3. Nc3 d6 4. f4 e6 5. Nf3 Ne7 6. Bd3 a6 7. O-O Nbc6 8. Be3 O-O 9. a3 f5 10.
e5 b5 11. a4 b4 12. Ne2 a5 13. c4 bxc3 14. Nxc3 Nb4 15. Be2 h6 16. Rc1 Bb7 17. Nb5 Ned5 18. Bd2 Qd7 19. Qe1 Rfc8 20.
Bc4 Nc6 21. Bxd5 exd5 22. e6 Qe7 23. Qe3 Nd8 24. Rxc7 Rxc7 25. Nxc7 Qxc7 26. e7 Bc6 27. Rc1 Qd7 28.
exd8=Q+ Rxd8 29. b3 Ra8 30. Qc3 Ra6 31. h3 Kf7 32. Qd3 Ra7 33. Rc3 Bf6 34. Qc2 Ra6 35. Kh2 Bd8 36. Be1 Bb7 37.
Bh4 Rc6 38. Rxc6 1-0

[Event "Elite Hotels Open 2023"]
[Site "Elite Stadshotellet, Kungsgatan 6, Vaxjo, Sweden"]
[Date "2023.02.10"]
[Round "2.8"]
[White "Alquist, Erik"]
[Black "Jepson, Christian"]
[Result "1/2-1/2"]
[TimeControl "15 minutes + 5 seconds per move from move one (Round 1 - 4) / 90 minutes + 30 seconds per move from move one (Round 5 - 8)"]
[BlackTitle "IM"]
[WhiteFideId "1707701"]
[BlackFideId "1701185"]
[WhiteElo "1994"]
[BlackElo "2395"]

1. e4 d6 2. d4 Nf6 3. Nc3 Nbd7 4.
g3 e5 5.
Nge2 c6 6. Bg2 b5 7. d5 cxd5 8. Nxd5 Nxd5 9. Qxd5 Rb8 10. O-O Be7 11. Be3 a6 12. Qd2 Nf6 13. Bg5 Be6 14. Bxf6 gxf6 15.
Nc3 h5 16. h4 f5 17. exf5 Bxf5 18. Nd5 Rg8 19. Rad1 Rg6 20. Ne3 Be6 21. Qe2 Rh6 22. Be4 Qc8 23. Qf3 Kf8 24. Rfe1 Kg8 25.
Nf5 Bxf5 26. Bxf5 Qc7 27. Qe3 Rh8 28. f4 Bf6 29. Rd5 Qb6 30. Qxb6 Rxb6 31. Red1 exf4 32. Rxd6 Rxd6 33. Rxd6 Bxb2 34. gxf4 a5 35. Ra6 Bc3 36. Bd3 b4 37. Rxa5 Kg7 38.
Rg5+ Kf6 39. Kf2 Ra8 40. Bc4 Rd8 41. Bb3 Rd2+ 42. Ke3 Rh2 43. Rxh5 Bd2+ 44. Kf3 Rh3+ 45. Kg4 Rh1 46. Rh7 Rg1+ 47.
Kf3 Kg6 48. Rxf7 Rh1 49. f5+ Kh6 50. Rf8 Bc3 51. Kg4 Rg1+ 52. Kf3 Rh1 53. f6 Rf1+ 54. Kg4 Rxf6 55. Rxf6+ Bxf6 56. h5 Be7 57. Bf7 Bf8 58. Kf5 Kg7 59. Bg6 Be7 60. Ke4 Bh4 61. Kd3 Be1 62. Kc4 Kh6 63. Kb3 Kg7 64. a3 bxa3 65. Kxa3 Bc3 66. Kb3 Bd4 67. Kc4 Ba7 68. Kd5 Kh6 69.
c4 Bg1 70. c5 Bxc5 71. Kxc5 Kg7 72. Kd6 Kh8 73. Ke7 Kg7 74. Ke8 Kh8 75. Kf8 1/2-1/2

[Event "Elite Hotels Open 2023"]
[Site "Elite Stadshotellet, Kungsgatan 6, Vaxjo, Sweden"]
[Date "2023.02.10"]
[Round "2.9"]
[White "Trost, Edvin"]
[Black "Zaritovskaja, Margo"]
[Result "1-0"]
[TimeControl "15 minutes + 5 seconds per move from move one (Round 1 - 4) / 90 minutes + 30 seconds per move from move one (Round 5 - 8)"]
[WhiteTitle "FM"]
[WhiteFideId "1729519"]
[BlackFideId "14149249"]
[WhiteElo "2364"]
[BlackElo "1973"]

1. e4 c5 2. Nf3 d6 3. d4 cxd4 4. Nxd4 Nf6 5. Nc3 a6 6. f3 e6 7. g4 b5 8. a3 Be7 9. Be3 Qc7 10.
Qd2 Bb7 11. g5 Nfd7 12. f4 Nc5 13. Bg2 Nbd7 14. f5 e5 15. Nde2 Nb6 16. b3 Rc8 17. O-O f6 18. h4 Bc6 19.
Ng3 Qb7 20. Rad1 Nbd7 21. Nd5 Bxd5 22. exd5 Qc7 23. Kh2 Nb7 24. Rf2 Ndc5 25. Bf3 Rg8 26. Rg1 a5 27. Rfg2 b4 28. axb4 axb4 29.
Nh5 fxg5 30. Bxg5 Bxg5 31. Rxg5 1-0

[Event "Elite Hotels Open 2023"]
[Site "Elite Stadshotellet, Kungsgatan 6, Vaxjo, Sweden"]
[Date "2023.02.10"]
[Round "2.10"]
[White "Slettebo, Jan"]
[Black "Golubka, Petro"]
[Result "0-1"]
[TimeControl "15 minutes + 5 seconds per move from move one (Round 1 - 4) / 90 minutes + 30 seconds per move from move one (Round 5 - 8)"]
[BlackTitle "GM"]
[WhiteFideId "1704958"]
[BlackFideId "14114224"]
[WhiteElo "1971"]
[BlackElo "2363"]

1. e4 b6 2. d4 Bb7 3. Bd3 g6 4. Nf3 Bg7 5. O-O d6 6. c3 Nd7 7. Re1 e6 8. Bg5 Ne7 9. h4 h6 10.
Bf4 g5 11. hxg5 Ng6 12. Qd2 e5 13. Be3 hxg5 14. Bxg5 Bf6 15. Bc4 Qe7 16. Bxf6 Nxf6 17. Bb5+ Kf8 18. d5 Kg7 19. g3 Rh6 20.
Bf1 Qd7 21. Bg2 Rah8 22. c4 Nh5 23. Ng5 Qg4 0-1

[Event "Elite Hotels Open 2023"]
[Site "Elite Stadshotellet, Kungsgatan 6, Vaxjo, Sweden"]
[Date "2023.02.10"]
[Round "2.11"]
[White "Berg, Roy"]
[Black "Poley, Vladimir"]
[Result "0-1"]
[TimeControl "15 minutes + 5 seconds per move from move one (Round 1 - 4) / 90 minutes + 30 seconds per move from move one (Round 5 - 8)"]
[BlackTitle "IM"]
[WhiteFideId "1711458"]
[BlackFideId "13500090"]
[WhiteElo "1948"]
[BlackElo "2325"]

1. d4 g6 2. c4 Bg7 3. Nf3 d6 4. g3 Nf6 5. Bg2 O-O 6.
O-O Re8 7. Nc3 Bd7 8. e4 e5 9. d5 a5 10. h3 Na6 11. Be3 Nc5 12. Ne1 b6 13. Nd3 Nh5 14. Nxc5 bxc5 15. Qd2 f5 16.
Ne2 Qf6 17. Bg5 Qf8 18. Be3 Rab8 19. Rab1 Rb4 20. Qc1 a4 21. Bd2 Rbb8 22. b4 axb3 23. axb3 fxe4 24. Nc3 Nf4 25. Kh2 Nxg2 26.
Kxg2 Qf3+ 27. Kh2 Qh5 28. h4 Qg4 29. Rh1 Rf8 30. Be3 Bh6 31. Kg1 Rxf2 32. Kxf2 Qf3+ 33. Ke1 Bxe3 34. Qd1 Qf2# 0-1

[Event "Elite Hotels Open 2023"]
[Site "Elite Stadshotellet, Kungsgatan 6, Vaxjo, Sweden"]
[Date "2023.02.10"]
[Round "2.12"]
[White "Bellon Lopez, Juan Manuel"]
[Black "Halvarsson, Peter"]
[Result "1-0"]
[TimeControl "15 minutes + 5 seconds per move from move one (Round 1 - 4) / 90 minutes + 30 seconds per move from move one (Round 5 - 8)"]
[WhiteTitle "GM"]
[WhiteFideId "2200031"]
[BlackFideId "1701843"]
[WhiteElo "2303"]
[BlackElo "1951"]

1. d4 g6 2. g3 Bg7 3. Bg2 Nf6 4. e4 O-O 5. Nc3 d6 6. h3 c6 7. a4 Nbd7 8. Nge2 e5 9. Be3 Qe7 10. O-O b6 11. Re1 Rb8 12.
Qd2 Bb7 13. Rad1 Rbd8 14. f4 Rfe8 15. Kh2 Qf8 16. g4 exd4 17. Bxd4 c5 18. Bxf6 Nxf6 19. Ng3 Bc6 20. Nb5 Bxb5 21. axb5 Re6 22. c3 Ne8 23. Ra1 Qe7 24. Bf1 Qc7 25. Bc4 Re7 26. g5 Qd7 27. Qd3 Ra8 28.
Bd5 Rc8 29. Bc6 Rxc6 30. bxc6 Qxc6 31. Rad1 a5 32. Qd5 Qb5 33. Rd2 h6 34. h4 Re6 35. Rf2 hxg5 36. hxg5 Bf8 37. e5 Ng7 38. Ne4 dxe5 39. Nf6+ Kh8 40.
Rxe5 Rd6 41. Qa8 Rxf6 42. Qxf8+ Kh7 43. gxf6 1-0

[Event "Elite Hotels Open 2023"]
[Site "Elite Stadshotellet, Kungsgatan 6, Vaxjo, Sweden"]
[Date "2023.02.10"]
[Round "2.13"]
[White "Cedervall, Magnus"]
[Black "Falkevall, Axel"]
[Result "1/2-1/2"]
[TimeControl "15 minutes + 5 seconds per move from move one (Round 1 - 4) / 90 minutes + 30 seconds per move from move one (Round 5 - 8)"]
[BlackTitle "FM"]
[WhiteFideId "1736345"]
[BlackFideId "1735560"]
[WhiteElo "1946"]
[BlackElo "2299"]

1. e4 e5 2. Nf3 Nc6 3. Nc3 Nf6 4. d4 exd4 5. Nxd4 Bb4 6. Nxc6 bxc6 7. Bd3 d5 8. exd5 O-O 9. O-O Bg4 10.
Ne2 cxd5 11. c3 Bd6 12. h3 Bh5 13. Qc2 Bg6 14. Bg5 Rb8 15. b3 c5 16. Rad1 Be7 17. Nf4 d4 18. Bxg6 hxg6 19.
cxd4 cxd4 20. Qc4 Rb4 21. Qc6 Rb6 22. Qc4 Rb4 23. Qc6 Rb6 1/2-1/2

[Event "Elite Hotels Open 2023"]
[Site "Elite Stadshotellet, Kungsgatan 6, Vaxjo, Sweden"]
[Date "2023.02.10"]
[Round "2.14"]
[White "Ernst, Thomas"]
[Black "Ravik, Andreas"]
[Result "1-0"]
[TimeControl "15 minutes + 5 seconds per move from move one (Round 1 - 4) / 90 minutes + 30 seconds per move from move one (Round 5 - 8)"]
[WhiteTitle "GM"]
[WhiteFideId "1700065"]
[BlackFideId "1722522"]
[WhiteElo "2286"]
[BlackElo "1946"]

1. e4 c5 2. Nf3 g6 3. c4 Bg7 4. d4 cxd4 5. Nxd4 Nc6 6. Be3 Nf6 7. Nc3 d6 8. Be2 O-O 9. O-O Bd7 10.
f3 Rc8 11. Qd2 Nxd4 12. Bxd4 b6 13. Rac1 Bc6 14. b4 e6 15. Rfd1 Qe7 16. Bf1 Rfd8 17. Be3 Ne8 18. Bg5 Bf6 19.
Bxf6 Qxf6 20. a4 Nc7 21. Qe3 Bb7 22. Nb5 Nxb5 23. axb5 d5 24. cxd5 Rxc1 25. Rxc1 exd5 26. Rc7 Ba8 27.
e5 Qe6 28. Qd4 Qe8 29. Rxa7 Qe6 30. g3 Rc8 31. Qa1 Qe8 32. e6 fxe6 1-0

[Event "Elite Hotels Open 2023"]
[Site "Elite Stadshotellet, Kungsgatan 6, Vaxjo, Sweden"]
[Date "2023.02.10"]
[Round "2.15"]
[White "Nystrom, Jonas"]
[Black "Wagner, Stephan"]
[Result "0-1"]
[TimeControl "15 minutes + 5 seconds per move from move one (Round 1 - 4) / 90 minutes + 30 seconds per move from move one (Round 5 - 8)"]
[WhiteFideId "1735268"]
[BlackFideId "1613251"]
[WhiteElo "1936"]
[BlackElo "2264"]

1. e4 c6 2. d4 d5 3. Nc3 dxe4 4.
Nxe4 Bf5 5. Ng3 Bg6 6. h4 h6 7. Nf3 Nd7 8. h5 Bh7 9. Bd3 Bxd3 10. Qxd3 e6 11. Bd2 Ngf6 12. O-O-O Be7 13.
Ne4 Nxe4 14. Qxe4 Nf6 15. Qe2 Qd5 16. Kb1 Qb5 17. c4 Qf5+ 18. Ka1 Qe4 19. Qxe4 Nxe4 20. Rhf1 O-O 21. Ne5 Rad8 22.
Be3 Bd6 23. g4 f5 24. Ng6 Rfe8 25. f3 Nf6 26. g5 Nxh5 27. gxh6 Kh7 28. Ne5 f4 29. Bc1 Bxe5 30. dxe5 g5 31.
Rd6 Kxh6 32. Rfd1 Rxd6 33. Rxd6 Re7 34. b4 Kg6 35. Bd2 Kf5 36. Bc3 g4 37. fxg4+ Kxg4 38. Rd8 Rf7 39. Be1 Kf3 40.
Rh8 Ng7 41. b5 cxb5 42. cxb5 Ke2 43. Bc3 f3 44. Bd4 f2 45. Rh2 Ke1 46. Bc3 Kd1 47. Kb2 Nh5 48. a4 Ng3 0-1

[Event "Elite Hotels Open 2023"]
[Site "Elite Stadshotellet, Kungsgatan 6, Vaxjo, Sweden"]
[Date "2023.02.10"]
[Round "2.16"]
[White "Krantz, Christopher"]
[Black "Johansson, Roland"]
[Result "1-0"]
[TimeControl "15 minutes + 5 seconds per move from move one (Round 1 - 4) / 90 minutes + 30 seconds per move from move one (Round 5 - 8)"]
[WhiteFideId "1707876"]
[BlackFideId "1716123"]
[WhiteElo "2262"]
[BlackElo "1946"]

1. d4 f5 2. Nf3 Nf6 3. Bf4 g6 4. e3 Bg7 5. c4 d6 6. h3 O-O 7. Nc3 a6 8. Be2 Qe8 9. Rc1 Nc6 10.
d5 Nd8 11. O-O e5 12. dxe6 Nxe6 13. Bh2 Bd7 14. Nd5 Bc6 15. Qc2 Rc8 16. Rfd1 Nc5 17. Nb4 Be4 18. Qd2 h6 19. Nd5 Rf7 20.
b4 Ncd7 21. Nxf6+ Bxf6 22. c5 Bxf3 23. Bxf3 dxc5 24. Bd5 Rd8 25. Bxc7 1-0

[Event "Elite Hotels Open 2023"]
[Site "Elite Stadshotellet, Kungsgatan 6, Vaxjo, Sweden"]
[Date "2023.02.10"]
[Round "2.17"]
[White "Nilsson, Oliver"]
[Black "Johansson, Gunnar"]
[Result "1-0"]
[TimeControl "15 minutes + 5 seconds per move from move one (Round 1 - 4) / 90 minutes + 30 seconds per move from move one (Round 5 - 8)"]
[WhiteFideId "1730177"]
[BlackFideId "1703501"]
[WhiteElo "1925"]
[BlackElo "2260"]

1. e4 c5 2. Nf3 e6 3. g3 d5 4. exd5 exd5 5. d4 Nf6 6. Bg2 Be7 7. dxc5 Bxc5 8. O-O O-O 9. Bg5 Nc6 10.
Nc3 d4 11. Ne4 Be7 12. Nxf6+ Bxf6 13. Bxf6 Qxf6 14. Qd3 Bf5 15. Qb3 Rab8 16. Rad1 Rfd8 17. Rfe1 h6 18. Nd2 Qg6 19. Ne4 Re8 20.
f3 Re7 21. Re2 Rbe8 22. Rde1 Be6 23. Qa4 Bc8 24. Kf1 Qh5 25. Qa3 Qb5 26. Kg1 Qb4 27. Qxb4 Nxb4 28. Nf6+ gxf6 29. Rxe7 Rxe7 30. Rxe7 Be6 31. c3 dxc3 32.
bxc3 Nxa2 33. Rxb7 Nxc3 34. Rxa7 Ne2+ 35. Kf2 Nd4 36. f4 Nf5 37. Bh3 Kg7 38. Ra5 Ne7 39. Bxe6 fxe6 40. Ra7 Kf7 41. Kf3 f5 42. h3 h5 43. Ra8 Kf6 44. Rh8 Kg6 45. Ke3 Nc6 46. Rg8+ Kf6 47. Rg5 Ne7 48. Rxh5 Kg7 49. Rg5+ Kf6 50.
h4 Kf7 51. h5 Nd5+ 52. Kd4 Nf6 53. h6 Ne4 54. Rg7+ Kf6 55. Ra7 Nxg3 56. h7 1-0

[Event "Elite Hotels Open 2023"]
[Site "Elite Stadshotellet, Kungsgatan 6, Vaxjo, Sweden"]
[Date "2023.02.10"]
[Round "2.18"]
[White "Burwick, Malte"]
[Black "Kashwan, Hassan"]
[Result "1-0"]
[TimeControl "15 minutes + 5 seconds per move from move one (Round 1 - 4) / 90 minutes + 30 seconds per move from move one (Round 5 - 8)"]
[WhiteFideId "1702475"]
[BlackFideId "137122555"]
[WhiteElo "2219"]
[BlackElo "1934"]

1. Nf3 Nf6 2. g3 g6 3. b4 Bg7 4. Bb2 a5 5. b5 O-O 6. Bg2 a4 7. c4 c6 8. O-O d5 9. bxc6 bxc6 10.
Na3 Bf5 11. d3 Nbd7 12. Nd4 Qb6 13. Rb1 Qa6 14. Nxf5 gxf5 15. Qd2 Rfb8 16. Rfc1 e6 17.
cxd5 cxd5 18. Bd4 Rxb1 19. Rxb1 Rc8 20. f4 Bf8 21. Nc2 Qc6 22. Ne1 Bc5 23. Qc3 Bxd4+ 24. Qxd4 Qc5 25. Qxc5 Rxc5 26.
Bf3 Rc3 27. Kf2 Kf8 28. Ke3 Nc5 29. Kd4 Nce4 30. dxe4 Rc4+ 31. Ke3 fxe4 32. Bg2 Ng4+ 33. Kd2 Nxh2 34. Nc2 Ng4 35. Rb4 Rc7 36.
Rxa4 h5 37. Ra8+ Kg7 38. a4 Rc4 39. a5 Ra4 40. a6 Ra2 41. Kc3 e5 42. Kb3 Rxc2 43. Kxc2 Ne3+ 44. Kd2 Nxg2 45.
a7 exf4 46. gxf4 Nxf4 47. Re8 1-0

[Event "Elite Hotels Open 2023"]
[Site "Elite Stadshotellet, Kungsgatan 6, Vaxjo, Sweden"]
[Date "2023.02.10"]
[Round "3.1"]
[White "Krantz, Christopher"]
[Black "Galperin, Platon"]
[Result "0-1"]
[TimeControl "15 minutes + 5 seconds per move from move one (Round 1 - 4) / 90 minutes + 30 seconds per move from move one (Round 5 - 8)"]
[BlackTitle "GM"]
[WhiteFideId "1707876"]
[BlackFideId "14165414"]
[WhiteElo "2262"]
[BlackElo "2538"]

1. d4 Nf6 2. Nf3 g6 3. b3 Bg7 4. Bb2 O-O 5. e3 c5 6. dxc5 Na6 7. Bxa6 Qa5+ 8. Nbd2 Qxa6 9. a3 Rd8 10. Qe2 Qc6 11. b4 b6 12.
cxb6 Qxc2 13. Bd4 axb6 14. Bxb6 Nd5 15. Bxd8 Bxa1 16. O-O Bf6 17. Nd4 Qa2 18. Qc4 Qxc4 19. Nxc4 Bxd4 20. Rd1 Nc3 21.
Rd3 Ba6 22. exd4 Ne2+ 23. Kh1 Bxc4 0-1

[Event "Elite Hotels Open 2023"]
[Site "Elite Stadshotellet, Kungsgatan 6, Vaxjo, Sweden"]
[Date "2023.02.10"]
[Round "3.2"]
[White "Sivuk, Vitaly"]
[Black "Burwick, Malte"]
[Result "1-0"]
[TimeControl "15 minutes + 5 seconds per move from move one (Round 1 - 4) / 90 minutes + 30 seconds per move from move one (Round 5 - 8)"]
[WhiteTitle "GM"]
[WhiteFideId "14116502"]
[BlackFideId "1702475"]
[WhiteElo "2530"]
[BlackElo "2219"]

1. d4 d6 2. e4 g6 3. Nc3 Bg7 4. Be3 a6 5. f4 b5 6. Nf3 Bb7 7. Bd3 Nd7 8. e5 Nb6 9. Qe2 b4 10.
Ne4 Nd5 11. Bd2 e6 12. c4 bxc3 13. bxc3 Nb6 14. a4 a5 15. Bb5+ Kf8 16. O-O Bxe4 17. Qxe4 d5 18. Qe2 Ne7 19.
Bc1 h6 20. Ba3 Kg8 21. Nd2 Bf8 22. Nb3 h5 23. Nc5 Nf5 24. g3 Ra7 25. Qd3 Qc8 26. Qf3 Kg7 27. Ra2 c6 28. Bd3 Nc4 29.
Bxc4 dxc4 30. Rb1 Bxc5 31. Bxc5 Rb7 32. Rab2 Rb3 33. Rxb3 cxb3 34. Rxb3 Qa6 35. Qf1 Qxf1+ 36. Kxf1 h4 37. Kg2 hxg3 38. hxg3 Ne3+ 39. Kf3 Nc4 40. Rb7 Rh2 41. Be7 Nd2+ 42.
Ke3 Nf1+ 43. Kd3 Rd2+ 44. Kc4 Ne3+ 45. Kc5 Nd5 46.
c4 Rc2 47. Bd8 Kf8 48. Bf6 1-0

[Event "Elite Hotels Open 2023"]
[Site "Elite Stadshotellet, Kungsgatan 6, Vaxjo, Sweden"]
[Date "2023.02.10"]
[Round "3.3"]
[White "Rasti, Arvin"]
[Black "Abdrlauf, Elham"]
[Result "0-1"]
[TimeControl "15 minutes + 5 seconds per move from move one (Round 1 - 4) / 90 minutes + 30 seconds per move from move one (Round 5 - 8)"]
[BlackTitle "IM"]
[WhiteFideId "1741160"]
[BlackFideId "1533533"]
[WhiteElo "2211"]
[BlackElo "2527"]

1. d4 Nf6 2. Nf3 d5 3. c4 e6 4. Bg5 Be7 5. e3 O-O 6. Qc2 Nbd7 7. Nc3 c6 8. Rd1 h6 9. Bh4 b6 10.
a3 Ba6 11. Qa4 Bb7 12. Be2 a5 13. Qc2 Rc8 14. O-O c5 15. dxc5 Nxc5 16. Bxf6 Bxf6 17. cxd5 exd5 18. Qf5 Bxc3 19.
bxc3 Ne4 20. Bd3 Qf6 21. Qxf6 Nxf6 22. Rc1 Ne4 23. Bxe4 dxe4 24. Nd4 Ba6 25. Rfd1 Bd3 26. Rd2 Rc5 27.
Rb2 Rfc8 28. Rxb6 Rxc3 29. Rxc3 Rxc3 30. h3 Rxa3 31. Nc6 a4 32. Rb8+ Kh7 33. Ne5 f6 34. Nd7 Ra1+ 35. Kh2 a3 36. Ra8 a2 37. Kg3 Bc4 38.
Kf4 Rd1 39. Nf8+ Kg8 0-1

[Event "Elite Hotels Open 2023"]
[Site "Elite Stadshotellet, Kungsgatan 6, Vaxjo, Sweden"]
[Date "2023.02.10"]
[Round "3.4"]
[White "Hillarp, Tiger"]
[Black "Ask, Josef"]
[Result "1-0"]
[TimeControl "15 minutes + 5 seconds per move from move one (Round 1 - 4) / 90 minutes + 30 seconds per move from move one (Round 5 - 8)"]
[WhiteTitle "GM"]
[BlackTitle "FM"]
[WhiteFideId "1700812"]
[BlackFideId "1704583"]
[WhiteElo "2511"]
[BlackElo "2169"]

1. d4 e6 2. Nf3 f5 3. h3 Nf6 4. g4 g6 5. gxf5 exf5 6. Bg5 h6 7. Bxf6 Qxf6 8. c3 Nc6 9. h4 Bg7 10.
Qb3 Ne7 11. Nbd2 b6 12. O-O-O Bb7 13. Bg2 O-O-O 14. Rdg1 d6 15. Ne1 c5 16. e3 g5 17. Nd3 Bxg2 18. Rxg2 Rd7 19. a4 Rb7 20.
hxg5 hxg5 21. Rxh8+ Bxh8 22. Rh2 Bg7 23. Kc2 Qg6 24. Nf3 Kc7 25. Kd2 Bh6 26. Qc4 Qf6 27. dxc5 bxc5 28. b4 g4 29.
Nd4 Kb8 30. Qe6 Bg7 31. bxc5 dxc5 32. Nxc5 Rb2+ 33. Ke1 g3 34. Nd7+ Kc7 35. Nxf6 gxh2 36. Qxe7+ Kc8 37. Qd7+ Kb8 38.
Nc6+ 1-0

[Event "Elite Hotels Open 2023"]
[Site "Elite Stadshotellet, Kungsgatan 6, Vaxjo, Sweden"]
[Date "2023.02.10"]
[Round "3.5"]
[White "Fransson, Patrick"]
[Black "Blomqvist, Erik"]
[Result "0-1"]
[TimeControl "15 minutes + 5 seconds per move from move one (Round 1 - 4) / 90 minutes + 30 seconds per move from move one (Round 5 - 8)"]
[BlackTitle "GM"]
[WhiteFideId "1709305"]
[BlackFideId "1709437"]
[WhiteElo "2126"]
[BlackElo "2510"]

1. d4 d5 2. Bg5 f6 3. Bf4 Nc6 4. Nf3 g5 5. Bg3 g4 6. Nh4 f5 7. e3 e5 8. dxe5 Be7 9. h3 Bxh4 10.
Bxh4 Qxh4 11. Qxd5 Nge7 12. Qb3 Nxe5 13. Nc3 c6 14. O-O-O Qxf2 15. Ne2 Nd5 16. Rxd5 cxd5 17. Qc3 Be6 18.
Nf4 Rc8 19. Bb5+ Kf7 20. Qb3 Rxc2+ 21. Qxc2 Rc8 22. Qxc8 Qxe3+ 23. Kb1 Bxc8 0-1

[Event "Elite Hotels Open 2023"]
[Site "Elite Stadshotellet, Kungsgatan 6, Vaxjo, Sweden"]
[Date "2023.02.10"]
[Round "3.6"]
[White "Kucuksari, Kaan"]
[Black "Lindholm, Gustav"]
[Result "1-0"]
[TimeControl "15 minutes + 5 seconds per move from move one (Round 1 - 4) / 90 minutes + 30 seconds per move from move one (Round 5 - 8)"]
[WhiteTitle "IM"]
[WhiteFideId "6380166"]
[BlackFideId "1736515"]
[WhiteElo "2507"]
[BlackElo "2128"]

1. d4 d5 2. c4 c6 3. Nf3 Nf6 4.
Qc2 dxc4 5. e4 b5 6. b3 cxb3 7. axb3 e6 8. Bd2 a5 9. Bd3 Be7 10. O-O h6 11. Nc3 O-O 12. e5 Nd5 13.
Nxd5 exd5 14. Qc1 f5 15. exf6 Rxf6 16.
Ne5 Qb6 17. Qb2 Bf5 18. Bxf5 Rxf5 19. Qc2 Rf6 20. Ng4 Nd7 21. Rfe1 Bd6 22. Nxf6+ Nxf6 23. Be3 Ne4 24. Rac1 Rc8 25.
f3 Nf6 26. Bf2 Qb8 27. g3 Qc7 28. Kg2 Qd7 29. Re2 Bb4 30. Be3 Bd6 31. Bd2 Qd8 32. Qg6 Kh8 33. Re6 Qf8 34. Bxh6 1-0

[Event "Elite Hotels Open 2023"]
[Site "Elite Stadshotellet, Kungsgatan 6, Vaxjo, Sweden"]
[Date "2023.02.10"]
[Round "3.7"]
[White "Strom-Engdahl, Alexander"]
[Black "Hector, Jonny"]
[Result "0-1"]
[TimeControl "15 minutes + 5 seconds per move from move one (Round 1 - 4) / 90 minutes + 30 seconds per move from move one (Round 5 - 8)"]
[BlackTitle "GM"]
[WhiteFideId "1741586"]
[BlackFideId "1700090"]
[WhiteElo "2097"]
[BlackElo "2466"]

1. d4 d5 2. Bf4 c5 3. Nc3 Nc6 4. e3 Bf5 5. Nf3 e6 6. Bb5 Bd6 7. dxc5 Bxc5 8. Nd4 Nge7 9. Nxf5 Nxf5 10.
O-O O-O 11. e4 dxe4 12. Bxc6 bxc6 13. Qxd8 Rfxd8 14. Nxe4 Bb6 15. c3 Rd5 16. Rfe1 Rad8 17. b4 e5 18. Bg3 f6 19. Kf1 Rd3 20.
Rac1 h5 21. h3 h4 22. Bh2 Kf7 23. Bg1 Ke6 24. Ke2 Ne7 25. c4 Ra3 26. Rc2 Nf5 27. Rb2 Bd4 28. Rc2 Rb8 29. Rb1 Ra4 30.
b5 cxb5 31. cxb5 Ra5 32. Nc5+ Kf7 33. a4 Bxc5 34. Rxc5 Rxa4 35. Rb2 Nd4+ 36. Kd3 Ra1 37. Bh2 Ne6 38. Rc6 Rh1 39. f3 Rxh2 40. Rc1 Rb7 41. Ke3 Nf4 42.
Rg1 Nxh3 43. Rgb1 Nf4 0-1

[Event "Elite Hotels Open 2023"]
[Site "Elite Stadshotellet, Kungsgatan 6, Vaxjo, Sweden"]
[Date "2023.02.10"]
[Round "3.8"]
[White "Grahn, Vidar"]
[Black "Trost, Edvin"]
[Result "0-1"]
[TimeControl "15 minutes + 5 seconds per move from move one (Round 1 - 4) / 90 minutes + 30 seconds per move from move one (Round 5 - 8)"]
[BlackTitle "FM"]
[WhiteFideId "1744780"]
[BlackFideId "1729519"]
[WhiteElo "2059"]
[BlackElo "2364"]

1. e4 c5 2. Nf3 d6 3. d4 cxd4 4. Nxd4 Nf6 5. Nc3 Nc6 6. Bg5 Bd7 7. Qd2 h6 8. Bxf6 gxf6 9. O-O-O Nxd4 10. Qxd4 Qa5 11. Kb1 Rc8 12. Nd5 Qc5 13. Qxc5 Rxc5 14. Be2 Bg7 15. g4 h5 16.
gxh5 f5 17. Rhg1 Bh6 18. f3 Kf8 19. c4 Be6 20. Rg3 f4 21. Rgg1 f6 22. h4 Bf7 23. b4 Rc8 24. a4 Bxh5 25.
b5 Kf7 26. Kb2 Rhg8 27. Kb3 Rg3 28. Rxg3 fxg3 29. Rg1 Rg8 30.
a5 g2 31. c5 e6 32. Bc4 dxc5 33. Nc7 Rg3 34. Bxe6+ Kf8 35. Bh3 Rxf3+ 36. Kc4 Rxh3 37. Rxg2 Rxh4 38. Kxc5 Rxe4 39. Rf2 Be3+ 0-1

[Event "Elite Hotels Open 2023"]
[Site "Elite Stadshotellet, Kungsgatan 6, Vaxjo, Sweden"]
[Date "2023.02.10"]
[Round "3.9"]
[White "Golubka, Petro"]
[Black "Eriksson, Christian Altenburg"]
[Result "1-0"]
[TimeControl "15 minutes + 5 seconds per move from move one (Round 1 - 4) / 90 minutes + 30 seconds per move from move one (Round 5 - 8)"]
[WhiteTitle "GM"]
[WhiteFideId "14114224"]
[BlackFideId "1412159"]
[WhiteElo "2363"]
[BlackElo "2104"]

1. e4 c5 2. b3 e5 3. Bb2 d6 4. f4 Nc6 5. Nf3 exf4 6. Bb5 Bd7 7. Nc3 Nf6 8. Qe2 Ne5 9. O-O-O Be7 10.
d4 Nxf3 11. Qxf3 cxd4 12. Rxd4 O-O 13. e5 dxe5 14. Rxd7 Nxd7 15. Rd1 Qa5 16. Rxd7 Bb4 17. a4 a6 18. Bc4 b5 19. Bxf7+ Kh8 20.
Nd5 bxa4 21. Bxe5 Ba3+ 22. Kd1 axb3 23. Bg6 1-0